 Dungeon Crawl Stone Soup version 0.31.0-12-g77e489cdc1 (webtiles) character file.

Game seed: 10822524813366545277

12292 gohu the Thaumaturge (level 12, -11/84 HPs)
             Began as a Djinni Fire Elementalist on Mar 6, 2024.
             Was a Believer of Makhleb.
             Mangled by a boulder beetle (17 damage)
             ... on level 11 of the Dungeon.
             The game lasted 00:52:09 (14035 turns).

gohu the Thaumaturge (Djinni Fire Elementalist)    Turns: 14035, Time: 00:52:09

Health: -11/84     AC:  5    Str:  7    XL:     12   Next: 18%
Gold:   490        EV: 12    Int: 21    God:    Makhleb [**....] SH:  7 Dex: 15

rFire   + + .        B - +1 trident
rCold   . . .        F - +2 buckler
rNeg    . . .        O - +0 troll leather armour
rPois   ∞            (no helmet)
rElec   .            I - +1 cloak
rCorr   .            (no gloves)
SInv    .            (boots unavailable)
Will    +....        (no amulet)
Stlth   ++           n - ring of protection from cold
HPRegen 1.14/turn    x - ring of wizardry
MPRegen 0.00/turn

%: wizardry (x1), infuse magic (-12 HP)
@: flying
A: sickness immunity, fire resistance 2, cold vulnerability 1, float, innate
caster, HP casting, extra vitality 1, devolution 1
a: Renounce Religion, Minor Destruction


You were on level 11 of the Dungeon.
You worshipped Makhleb.
Makhleb was pleased with you.
You visited 2 branches of the dungeon, and saw 12 of its levels.

You collected 659 gold pieces.
You spent 169 gold pieces at shops.

Inventory:

Hand Weapons
 B - a +1 trident (weapon)
Missiles
 u - 16 boomerangs
 L - 2 throwing nets
Armour
 a - a +0 robe
 e - a +0 cloak
 s - the +3 leather armour of Xoimpe {^Contam Harm Will+++ Stlth+}
   (You found it on level 3 of the Dungeon)

   Will+++:   It greatly increases your willpower.
   ^Contam:   It causes magical contamination when unequipped.
   Harm:      It increases damage dealt and taken.
   Stlth+:    It makes you more stealthy.
 F - a +2 buckler (worn)
 I - a +1 cloak (worn)
 O - a +0 troll leather armour (worn)
Jewellery
 n - a ring of protection from cold (left hand)
 t - a ring of resist corrosion
 w - a ring of willpower
 x - a ring of wizardry (right hand)
 J - a ring of ice
 K - a ring of willpower
 M - a ring of willpower
Talismans
 i - a maw talisman
Wands
 o - a wand of mindburst (20)
 A - a wand of iceblast (7)
 H - a wand of digging (4)
Scrolls
 d - 4 scrolls of amnesia
 f - 2 scrolls of immolation
 h - a scroll of enchant weapon
 l - a scroll of vulnerability {unknown}
 m - 8 scrolls of identify
 p - 4 scrolls of poison
 y - a scroll of torment {unknown}
 z - a scroll of teleportation
 D - a scroll of blinking
 E - a scroll of fog
 N - a scroll of noise {unknown}
Potions
 b - a potion of brilliance
 c - 5 potions of curing
 g - a potion of magic {unknown}
 j - a potion of degeneration {unknown}
 k - a potion of ambrosia {unknown}
 q - a potion of experience {unknown}
 r - 3 potions of lignification {unknown}
 v - 2 potions of might {unknown}
 C - a potion of resistance {unknown}
 G - 2 potions of berserk rage {unknown}


   Skills:
 - Level 6.4 Fighting
 - Level 5.2 Armour
 - Level 5.0 Dodging
 - Level 1.5 Stealth
 - Level 5.0 Shields
 * Level 12.4 Spellcasting
 * Level 12.4 Conjurations
 * Level 12.4 Hexes
   Level 0.0 Charms
 * Level 12.4 Summonings
 * Level 12.4 Necromancy
 * Level 12.4 Translocations
   Level 0.0 Transmutations
 * Level 12.4 Fire Magic
 * Level 12.4 Ice Magic
 * Level 12.4 Air Magic
 * Level 12.4 Earth Magic
 * Level 12.4 Alchemy
 + Level 0.0 Invocations


You knew the following spells:

 Your Spells              Type           Power      Damage    Failure   Level
a - Foxfire               Conj/Fire      100%       2x1d9     1%          1
b - Scorch                Fire           100%       2d9       1%          2
c - Flame Wave            Conj/Fire      60%        2d14      1%          4
d - Inner Flame           Hex/Fire       60%        N/A       1%          3
e - Volatile Blastmotes   Fire/Tloc      100%       2d18      1%          3
f - Sting                 Conj/Alch      100%       1d9       1%          1
g - Jinxbite              Hex            100%       N/A       1%          2
h - Dazzling Flash        Conj/Hex       100%       N/A       1%          3
i - Gell's Gravitas       Tloc           60%        N/A       1%          3
j - Animate Dead          Necr           60%        N/A       1%          4
Your spell library was empty.

Dungeon Overview and Level Annotations

Branches:
Dungeon (11/15)            Temple (1/1) D:5            Lair (0/5) D:10
    Orc (0/2) D:10

Altars:
Ashenzari
Cheibriados
Dithmenos
Elyvilon
Fedhas
Gozag
Hepliaklqana
Makhleb
Nemelex Xobeh
Okawaru
Qazlal
Ru
Trog
Uskayaw
Wu Jian
Xom
Yredelemnul
Zin
The Shining One

Shops:
D:1 !   D:4 (

Annotations:
D:9 1 exclusion
D:10 exclusion: downstairs


Innate Abilities, Weirdness & Mutations

You are immune to sickness and miasma.
You are immune to poison.
Your flesh is very heat resistant. (rF++)
You are vulnerable to cold. (rC-)
You float through the air rather than walking.
You learn spells naturally, not from books.
Your magical power is your life essence.
You have superior vitality. (+4 MHP)
You have hidden genetic defects.


Message History

You conjure some foxfire!
The foxfire hits the boulder beetle but does no damage.
The boulder beetle is severely wounded.
The foxfire hits the boulder beetle but does no damage.
The boulder beetle is severely wounded.
The boulder beetle curls into a ball and begins rolling!
Casting: Foxfire (safe; 1% risk of failure)
Confirm with . or Enter, or press ? or * to list all spells.
Flames lash the boulder beetle but do no damage.
The boulder beetle hits you!!!
The boulder beetle stops rolling and uncurls.
The boulder beetle bites you!!
* * * LOW HITPOINT WARNING * * *
Casting: Scorch (safe; 1% risk of failure)
Confirm with . or Enter, or press ? or * to list all spells.
Flames lash the boulder beetle.
The boulder beetle is severely wounded.
The boulder beetle's fire resistance burns away.
* * * LOW HITPOINT WARNING * * *
The boulder beetle misses you. The boulder beetle bites you!
* * * LOW HITPOINT WARNING * * *
You feel better. The boulder beetle closely misses you.
The boulder beetle is no longer more vulnerable to fire.
The boulder beetle leaps!
Casting: Scorch (safe; 1% risk of failure)
Confirm with . or Enter, or press ? or * to list all spells.
A cloud of volatile blastmotes flares up around you!
Run!
* * * LOW HITPOINT WARNING * * *
The boulder beetle curls into a ball and begins rolling!
The cloud of blastmotes explodes!
The concussive blast engulfs the boulder beetle.
The boulder beetle is severely wounded.
The boulder beetle hits you!
* * * LOW HITPOINT WARNING * * *
The boulder beetle stops rolling and uncurls.
You hit the boulder beetle but do no damage.
The boulder beetle is severely wounded.
The boulder beetle bites you!
You die...

#### ###########
..$..##### #..°B@....#
...°....§###.#.#######
°...○###..##○#.#.....#
.... ##..'B###.###.#
... ####°..#.#...# ..
#.#.#.#.### #
#.#.......#
########'## ###..#


You could see a boulder beetle.

Vanquished Creatures
  Harold (D:9)
  4 two-headed ogres
  Pikel (D:8)
  Maurice (D:9)
  2 komodo dragons
  2 trolls
  Grinder (D:6)
  12 yaks
  A shadow (D:10)
  4 wyverns
  A vampire (D:10)
  4 fire bats (D:9)
  A fire elemental (D:9)
  Eustachio (D:6)
  2 vampire mosquitoes (D:10)
  A steam dragon (D:7)
  A water moccasin (D:8)
  A hell hound (D:9)
  4 orc warriors
  3 black bears
  An ogre (D:5)
  3 centaurs
  2 lemures
  2 kobold brigands (D:8)
  2 gnoll sergeants
  2 bullfrogs
  4 scorpions
  8 wights (D:9)
  A howler monkey (D:8)
  3 hounds (D:6)
  6 orc priests
  3 bombardier beetles
  4 jellies
  A gnoll bouda (D:6)
  3 sleepcaps
  Jessica (D:2)
  4 iguanas
  Ijyb (D:3)
  5 orc wizards
  Terence (D:3)
  12 gnolls
  9 adders
  2 shadow imps
  A white imp (D:5)
  A ribbon worm (D:3)
  2 dart slugs
  31 orcs
  7 endoplasms
  2 giant cockroaches (D:2)
  14 goblins
  4 hobgoblins
  2 jackals (D:1)
  12 kobolds
  2 quokkas
  10 ball pythons
  5 bats
  4 frilled lizards
  5 rats
230 creatures vanquished.

Vanquished Creatures (others)
  2 orc zombies (D:10)
  590 foxfires
592 creatures vanquished.

Grand Total: 822 creatures vanquished

Notes
Turn   | Place    | Note
-------+----------+-------------------------------------------
     0 | D:1      | gohu the Djinni Fire Elementalist began the quest for the
                  | Orb.
     0 | D:1      | gohu set off with the following spells memorised: Foxfire,
                  | Scorch, Volatile Blastmotes, Inner Flame, Flame Wave.
     0 | D:1      | Reached XP level 1. HP: 15/15 MP: 0/0
   199 | D:1      | Found Myxeuxao's Distillery.
   344 | D:1      | Reached XP level 2. HP: 21/22 MP: 0/0
   391 | D:1      | Reached skill level 1 in Fighting
  1127 | D:2      | Reached XP level 3. HP: 26/27 MP: 0/0
  1127 | D:2      | Learned a level 1 spell: Sting
  1343 | D:2      | Noticed Jessica
  1350 | D:2      | Killed Jessica
  1351 | D:2      | Reached XP level 4. HP: 32/34 MP: 0/0
  1975 | D:3      | Noticed Ijyb
  1976 | D:3      | Reached XP level 5. HP: 38/40 MP: 0/0
  1976 | D:3      | Learned a level 2 spell: Jinxbite
  1982 | D:3      | Killed Ijyb
  2290 | D:3      | Noticed Terence
  2306 | D:3      | Killed Terence
  2372 | D:3      | Identified the +3 leather armour of Xoimpe {^Contam Harm
                  | Will+++ Stlth+}
  2875 | D:4      | Reached XP level 6. HP: 42/46 MP: 0/0
  2889 | D:4      | You are sucked into a shaft and drop 3 floors!
  3011 | D:6      | Noticed Eustachio
  3071 | D:6      | Noticed a yak
  3101 | D:6      | Noticed a yak
  3106 | D:6      | Noticed a yak
  3106 | D:6      | Noticed a yak
  3256 | D:7      | Reached skill level 1 in Armour
  3321 | D:7      | Noticed a wyvern
  3673 | D:5      | Entered Level 5 of the Dungeon
  3673 | D:5      | Noticed an ogre
  3675 | D:5      | Killed an ogre
  3676 | D:5      | Reached XP level 7. HP: 52/52 MP: 0/0
  3676 | D:5      | Learned a level 3 spell: Dazzling Flash
  3900 | D:4      | Found a shimmering altar of Xom.
  4005 | D:4      | Found Vocagoum's Antique Weapon Boutique.
  4406 | D:4      | Reached skill level 5 in Spellcasting
  4406 | D:4      | Reached skill level 5 in Conjurations
  4406 | D:4      | Reached skill level 5 in Hexes
  4406 | D:4      | Reached skill level 5 in Summonings
  4406 | D:4      | Reached skill level 5 in Necromancy
  4406 | D:4      | Reached skill level 5 in Translocations
  4406 | D:4      | Reached skill level 5 in Fire Magic
  4406 | D:4      | Reached skill level 5 in Ice Magic
  4406 | D:4      | Reached skill level 5 in Air Magic
  4406 | D:4      | Reached skill level 5 in Earth Magic
  4406 | D:4      | Reached skill level 5 in Alchemy
  4499 | D:1      | Bought 2 potions of heal wounds for 130 gold pieces
  4499 | D:1      | Bought a potion of curing for 39 gold pieces
  4653 | D:5      | Reached XP level 8. HP: 19/58 MP: 0/0
  4852 | D:5      | Noticed a yak
  4852 | D:5      | Noticed a yak
  4853 | D:5      | Noticed a yak
  4853 | D:5      | Noticed a yak
  5044 | D:5      | Killed a yak
  5068 | D:5      | Killed a yak
  5093 | D:5      | Killed a yak
  5094 | D:5      | Reached skill level 5 in Fighting
  5114 | D:5      | Killed a yak
  5232 | D:5      | Reached skill level 5 in Dodging
  5232 | D:5      | Reached XP level 9. HP: 60/65 MP: 0/0
  5232 | D:5      | Learned a level 3 spell: Gell's Gravitas
  5284 | D:5      | Found a staircase to the Ecumenical Temple.
  5293 | Temple   | Entered the Ecumenical Temple
  5328 | Temple   | Became a worshipper of Makhleb the Destroyer
  5768 | D:5      | Found a shadowy altar of Dithmenos.
  6168 | D:6      | Noticed Grinder
  6178 | D:6      | Killed Grinder
  6790 | D:6      | Reached skill level 5 in Armour
  6790 | D:6      | Reached skill level 1 in Shields
  6882 | D:6      | Killed Eustachio
  7054 | D:6      | Reached * piety under Makhleb
  7801 | D:7      | Reached XP level 10. HP: 54/73 MP: 0/0
  8061 | D:8      | Noticed Pikel
  8396 | D:8      | Killed Pikel
  9990 | D:9      | Reached skill level 5 in Shields
 10040 | D:9      | Something stole a ring of willpower
 10041 | D:9      | Something stole 13 boomerangs
 10042 | D:9      | Something stole a maw talisman
 10044 | D:9      | Something stole 326 gold
 10307 | D:9      | Noticed Maurice
 10322 | D:9      | Killed Maurice
 10435 | D:9      | Found a stormy altar of Qazlal.
 10614 | D:9      | Reached XP level 11. HP: 74/78 MP: 0/0
 10614 | D:9      | Learned a level 4 spell: Animate Dead
 10753 | D:9      | Reached ** piety under Makhleb
 10852 | D:9      | Found the +9 scales of the Dragon King {rPois rF+ rC+
                  | Will+}
 10890 | D:9      | Reached skill level 10 in Spellcasting
 10890 | D:9      | Reached skill level 10 in Conjurations
 10890 | D:9      | Reached skill level 10 in Hexes
 10890 | D:9      | Reached skill level 10 in Summonings
 10890 | D:9      | Reached skill level 10 in Necromancy
 10890 | D:9      | Reached skill level 10 in Translocations
 10890 | D:9      | Reached skill level 10 in Fire Magic
 10890 | D:9      | Reached skill level 10 in Ice Magic
 10890 | D:9      | Reached skill level 10 in Air Magic
 10890 | D:9      | Reached skill level 10 in Earth Magic
 10890 | D:9      | Reached skill level 10 in Alchemy
 11679 | D:10     | Entered Level 10 of the Dungeon
 12091 | D:10     | Noticed a two-headed ogre
 12115 | D:10     | Killed a two-headed ogre
 12166 | D:10     | Noticed a two-headed ogre
 12177 | D:10     | Killed a two-headed ogre
 12458 | D:10     | Noticed Harold
 12713 | D:9      | Killed Harold
 12989 | D:10     | Found a staircase to the Orcish Mines.
 13327 | D:10     | Found a staircase to the Lair.
 13596 | D:11     | Noticed a two-headed ogre
 13628 | D:11     | Killed a two-headed ogre
 13629 | D:11     | Reached XP level 12. HP: 64/84 MP: 0/0
 13705 | D:11     | Noticed a two-headed ogre
 13717 | D:11     | Killed a two-headed ogre
 13927 | D:11     | Gained mutation: You have hidden genetic defects.
                  | [mutagenic glow]
 13983 | D:11     | Noticed a boulder beetle
 14035 | D:11     | Mangled by a boulder beetle

Illustrated notes

Levels and vault maps discovered:
D:1:      lightli_arrival_windingriver, layout_basic, serial_shops, shop
D:2:      layout_basic, basic_altar, uniq_jessica
D:3:      kennysheep_the_goblin_king, layout_loops_cross,
          mainiacjoe_overflow_alcove_2, serial_aquarium, aquarium_bridge_square
          [aquarium_subvault_balcony, aquarium_subvault_bridge,
          aquarium_subvault_bridge, aquarium_subvault_wall], aquarium_window_1,
          aquarium_window_fake, aquarium_window_fake, aquarium_view_2f,
          aquarium_balcony_3a, kennysheep_potato, uniq_terence
D:4:      layout_basic, mainiacjoe_overflow_boulevard, serial_shops,
          nicolae_shop_stone
D:5:      layout_rooms, nicolae_dithmenos_shadow_blocks, jmf_multi_god_temple,
          minmay_temple_entry_mist
D:6:      minmay_razor_zed, layout_cave_pods, uniq_eustachio, uniq_grinder
D:7:      layout_loops_corners
D:8:      layout_gridville, uniq_pikel
D:9:      layout_rooms, nicolae_qazlal_general_emergency, hangedman_incinerator,
          uniq_maurice
D:10:     layout_small_grid, david_lair_shrubbed, david_orc_2,
          hangedman_decor_clover_reticule, uniq_harold
D:11:     layout_roguey, uniq_erolcha
Temple:   nicolae_temple_elliptical

Skill      XL: |  1  2  3  4  5  6  7  8  9 10 11 |
---------------+----------------------------------+-----
Fighting       | 1 2 3 4 5 6 |  6.4
Spellcasting   | 4 5 6 7 9 12 | 12.4
Conjurations   | 4 5 6 7 9 12 | 12.4
Hexes          | 4 5 6 7 9 12 | 12.4
Summonings     | 4 5 6 7 9 12 | 12.4
Necromancy     | 4 5 6 7 9 12 | 12.4
Translocations | 4 5 6 7 9 12 | 12.4
Fire Magic     | 4 5 6 7 9 12 | 12.4
Ice Magic      | 4 5 6 7 9 12 | 12.4
Air Magic      | 4 5 6 7 9 12 | 12.4
Earth Magic    | 4 5 6 7 9 12 | 12.4
Alchemy        | 4 5 6 7 9 12 | 12.4
Armour         | 1 2 3 5 |  5.2
Dodging        | 3 5 |  5.0
Shields        | 2 5 |  5.0
Stealth        | |  1.5

Action                     |  1- 3 |  4- 6 |  7- 9 | 10-12 || total
---------------------------+-------+-------+-------+-------++-------
  Melee: Unarmed           |       |       |       |    20 ||    20
         Trident           |       |       |       |    75 ||    75
   Cast: Foxfire           |    44 |    92 |   100 |   116 ||   352
         Scorch            |     5 |       |    23 |    51 ||    79
         Volatile Blastmot |       |    27 |    61 |    90 ||   178
         Dazzling Flash    |       |       |     5 |     2 ||     7
         Gell's Gravitas   |       |       |     1 |     1 ||     2
         Flame Wave        |       |       |       |     7 ||     7
         Jinxbite          |       |       |       |     1 ||     1
         Sting             |       |       |       |    20 ||    20
         Animate Dead      |       |       |       |     4 ||     4
         Inner Flame       |       |       |       |     3 ||     3
 Invoke: Minor Destruction |       |       |       |    16 ||    16
  Evoke: Wand              |       |     2 |       |     4 ||     6
    Use: Potion            |       |       |       |     3 ||     3
         Scroll            |       |       |       |     8 ||     8
 Armour: Robe              |    12 |     3 |       |       ||    15
         Leather armour    |       |     9 |    53 |   175 ||   237
         Troll leather arm |       |       |       |     7 ||     7
  Dodge: Dodged            |    11 |     5 |    46 |    75 ||   137
  Block: Buckler           |       |       |     3 |    58 ||    61
         Form:             |     1 |       |       |       ||     1
         Maw               |     1 |       |       |       ||     1
